 Dungeon Sprint DCSS version 0.31-a0-369-g8eba5f6939 (webtiles) character file.

Game seed: 2287721067671883325

2275 rocky1 the Grappler (level 9, -4/74 HPs)
             Began as a Gnoll Shapeshifter on July 29, 2023.
             Was an Elder of Okawaru.
             Slain by a molten gargoyle
             ... wielding a +0 mace
              (9 damage)
             ... in the Dungeon (Sprint VII: "The Pits").
             The game lasted 00:02:21 (1345 turns).

rocky1 the Grappler (Gnoll Shapeshifter)            Turns: 1345, Time: 00:02:22

Health: -4/74      AC: 15    Str: 15    XL:     9   Next: 39%
Magic:  19/20      EV: 12    Int: 11    God:    Okawaru [****..]
Gold:   0          SH:  0    Dex: 13    Spells: 23/23 levels left

rFire   . .          .
                       - Unarmed
rCold   . . .        (no shield)
rNeg    . . .        l - +3 chain mail
rPois   .            (helmet currently unavailable)
rElec   .            (cloak currently unavailable)
rCorr   .            (gloves currently unavailable)
SInv    .            (boots currently unavailable)
Will    .....        (no amulet)
Stlth   ++           (no ring)
HPRegen 0.32/turn    (no ring)
MPRegen 0.17/turn

%: no teleportation
@: beast-form, heroic, slowed, very slow
A: beast (slay +6), fangs 1, strong nose, distributed training
a: Begin Untransformation, Renounce Religion, Heroism, Finesse


You were in the Dungeon.
You worshipped Okawaru.
Okawaru was greatly pleased with you.
You were a hulking beast.
You visited 1 branch

Inventory:

Hand Weapons
 s - a +2 scimitar of flaming
Armour
 a - a +0 animal skin
 l - a +3 chain mail (worn)
 q - a +0 cloak
 r - a +0 pair of boots
Jewellery
 m - a +3 ring of protection
 n - a +3 ring of protection
Talismans
 c - a beast talisman
Scrolls
 i - a scroll of blinking
 k - 5 scrolls of amnesia
Potions
 b - a potion of lignification
 d - 8 potions of curing
 e - 12 potions of heal wounds
 f - a potion of haste
 g - 4 potions of magic
 h - a potion of berserk rage
 j - 2 potions of invisibility
 o - a potion of might
 p - a potion of brilliance


   Skills:
 + Level 8.2(13.2) Fighting
 + Level 7.7(12.7) Short Blades
 + Level 7.7(12.7) Long Blades
 + Level 7.7(12.7) Axes
 + Level 7.7(12.7) Maces & Flails
 + Level 7.7(12.7) Polearms
 + Level 7.7(12.7) Staves
 + Level 7.7(12.7) Ranged Weapons
 + Level 7.7(12.7) Throwing
 + Level 7.7(12.7) Armour
 + Level 9.1(14.1) Dodging
 + Level 7.7(12.7) Stealth
 + Level 7.7(12.7) Shields
 + Level 10.2(15.2) Unarmed Combat
 + Level 7.7 Spellcasting
 + Level 6.4 Conjurations
 + Level 6.4 Hexes
 + Level 6.4 Summonings
 + Level 6.4 Necromancy
 + Level 6.4 Translocations
 + Level 6.4 Transmutations
 + Level 6.4 Fire Magic
 + Level 6.4 Ice Magic
 + Level 6.4 Air Magic
 + Level 6.4 Earth Magic
 + Level 6.4 Poison Magic
 + Level 8.5 Invocations
 + Level 7.7 Evocations
 + Level 9.3 Shapeshifting


You had 23 spell levels left.
You didn't know any spells.
Your spell library was empty.

Dungeon Overview and Level Annotations

Branches:
Dungeon (1/1)

Altars:
Ashenzari
Cheibriados
Dithmenos
Elyvilon
Fedhas
Gozag
Hepliaklqana
Kikubaaqudgha
Makhleb
Nemelex Xobeh
Okawaru
Qazlal
Ru
Sif Muna
Trog
Uskayaw
Vehumet
Wu Jian
Xom
Yredelemnul
Zin
The Shining One
Jiyva
Lugonu


Innate Abilities, Weirdness & Mutations

You are a hulking beast.
Your limbs bulge with bestial killing power. (Slay +6)
You have very sharp teeth.
Your uncanny sense of smell can sniff out nearby items.
Your experience applies equally to all skills.


Message History

The wraith is heavily damaged.
The wraith hits you. The wraith drains your vigour!
You feel yourself slow down.
You punch the wraith!
The wraith is almost destroyed.
The wraith completely misses you.
You hit the wraith.
You destroy the wraith!
Okawaru accepts your kill.
Your base Fighting skill increases to level 8!
Your base Unarmed Combat skill increases to level 10!
You punch the yaktaur!
The yaktaur is moderately wounded.
The yaktaur hits you.
You punch the yaktaur!
The yaktaur is heavily wounded.
The molten gargoyle blasts magma at you!
The bolt of magma hits you! The yaktaur misses you.
You punch the yaktaur!
The yaktaur is severely wounded.
The yaktaur hits you but does no damage.
The molten gargoyle completely misses you.
You hit the yaktaur. You bite the yaktaur, but do no damage.
The yaktaur is almost dead.
The yaktaur misses you.
The molten gargoyle hits you with a +0 mace!
You are engulfed in flames!
You pummel the yaktaur!!
You kill the yaktaur!
Okawaru is honoured by your kill.
You can now speed up your combat.
The molten gargoyle blasts magma at you!
The bolt of magma hits you!!
* * * LOW HITPOINT WARNING * * *
Your base Dodging skill increases to level 9!
You hit the molten gargoyle. You punch the molten gargoyle!
The molten gargoyle is moderately damaged.
The molten gargoyle hits you with a +0 mace.
* * * LOW HITPOINT WARNING * * *
You are engulfed in flames!
You die...

∆∆ ∆ ..#∆∆∆ ∆∆ ..#∆ ∆
######## ∆∆ ..#∆∆∆
...##..# ..# ...##..#
..#∆∆∆ ...''..# ..#∆ ∆
...''..##########9.#∆∆∆
...##....†......h..#
...##..............#
#################### #


You could see a molten gargoyle.

Vanquished Creatures
  A deep elf pyromancer (D)
  A yaktaur (shapeshifter) (D)
  A hornet (D)
  A snapping turtle (D)
  A wraith (D)
  3 yaks (D)
  A water moccasin (D)
  A floating eye (D)
  An ice beast (D)
  An ogre (D)
  A phantom (D)
  A scorpion (D)
  A crimson imp (D)
  An adder skeleton (D)
  A worm (D)
  An orc (D)
  2 bat zombies (D)
  A giant cockroach (D)
  A hobgoblin (D)
  2 jackals (D)
  2 quokkas (D)
  2 ball python skeletons (D)
  3 goblins (D)
31 creatures vanquished.

Notes
Turn   | Place    | Note
-------+----------+-------------------------------------------
     0 | D        | rocky1 the Gnoll Shapeshifter began the quest for the Orb.
     0 | D        | Reached XP level 1. HP: 17/17 MP: 1/1
    11 | D        | Noticed a water moccasin
    11 | D        | Noticed a lindwurm
    33 | D        | Found a bloodstained altar of Trog.
    33 | D        | Found a shimmering blue altar of Sif Muna.
    33 | D        | Found a viscous altar of Jiyva.
    33 | D        | Found a hazy altar of Hepliaklqana.
    33 | D        | Found an opulent altar of Gozag.
    34 | D        | Found a glowing golden altar of the Shining One.
    34 | D        | Found a glowing silver altar of Zin.
    34 | D        | Found a basalt altar of Yredelemnul.
    34 | D        | Found a shimmering altar of Xom.
    34 | D        | Found an ornate altar of the Wu Jian Council.
    34 | D        | Found a sacrificial altar of Ru.
    34 | D        | Found a stormy altar of Qazlal.
    34 | D        | Found an iron altar of Okawaru.
    34 | D        | Found a sparkling altar of Nemelex Xobeh.
    34 | D        | Found a burning altar of Makhleb.
    34 | D        | Found a blossoming altar of Fedhas.
    34 | D        | Found a white marble altar of Elyvilon.
    34 | D        | Found a shadowy altar of Dithmenos.
    34 | D        | Found a snail-covered altar of Cheibriados.
    37 | D        | Found a corrupted altar of Lugonu.
    37 | D        | Found a radiant altar of Vehumet.
    38 | D        | Found an ancient bone altar of Kikubaaqudgha.
    38 | D        | Found a hide-covered altar of Uskayaw.
    38 | D        | Found a broken altar of Ashenzari.
    42 | D        | Became a worshipper of Warmaster Okawaru
   197 | D        | Noticed a scorpion
   201 | D        | Killed a scorpion
   202 | D        | Reached skill level 5 in Dodging
   202 | D        | Reached skill level 7 in Unarmed Combat
   202 | D        | Reached XP level 2. HP: 18/24 MP: 1/5
   202 | D        | Reached XP level 3. HP: 22/29 MP: 1/6
   202 | D        | Reached XP level 4. HP: 28/36 MP: 1/7
   319 | D        | Noticed an ice beast
   331 | D        | Killed an ice beast
   331 | D        | Reached * piety under Okawaru
   332 | D        | Reached XP level 5. HP: 43/43 MP: 7/10
   395 | D        | Noticed a water moccasin
   402 | D        | Killed a water moccasin
   403 | D        | Reached skill level 5 in Fighting
   403 | D        | Reached skill level 8 in Unarmed Combat
   403 | D        | Reached XP level 6. HP: 51/51 MP: 10/12
   417 | D        | Reached skill level 5 in Invocations
   457 | D        | Noticed a floating eye
   460 | D        | Killed a floating eye
   460 | D        | Reached ** piety under Okawaru
   461 | D        | Reached skill level 5 in Short Blades
   461 | D        | Reached skill level 5 in Long Blades
   461 | D        | Reached skill level 5 in Axes
   461 | D        | Reached skill level 5 in Maces & Flails
   461 | D        | Reached skill level 5 in Polearms
   461 | D        | Reached skill level 5 in Staves
   461 | D        | Reached skill level 5 in Ranged Weapons
   461 | D        | Reached skill level 5 in Throwing
   461 | D        | Reached skill level 5 in Armour
   461 | D        | Reached skill level 5 in Stealth
   461 | D        | Reached skill level 5 in Shields
   461 | D        | Reached skill level 5 in Spellcasting
   461 | D        | Reached skill level 5 in Evocations
   461 | D        | Reached XP level 7. HP: 57/57 MP: 14/14
   672 | D        | Noticed a deep elf pyromancer
   679 | D        | Killed a deep elf pyromancer
   680 | D        | Reached skill level 9 in Unarmed Combat
   680 | D        | Reached skill level 5 in Conjurations
   680 | D        | Reached skill level 5 in Hexes
   680 | D        | Reached skill level 5 in Summonings
   680 | D        | Reached skill level 5 in Necromancy
   680 | D        | Reached skill level 5 in Translocations
   680 | D        | Reached skill level 5 in Transmutations
   680 | D        | Reached skill level 5 in Fire Magic
   680 | D        | Reached skill level 5 in Ice Magic
   680 | D        | Reached skill level 5 in Air Magic
   680 | D        | Reached skill level 5 in Earth Magic
   680 | D        | Reached skill level 5 in Poison Magic
   680 | D        | Reached XP level 8. HP: 31/65 MP: 14/17
   909 | D        | Noticed a yak
   909 | D        | Noticed a yak
   909 | D        | Noticed a yak
   909 | D        | Noticed a hornet
   914 | D        | Paralysed by a hornet for 2 turns
   919 | D        | Killed a hornet
   921 | D        | Killed a yak
   921 | D        | Reached *** piety under Okawaru
   923 | D        | Killed a yak
   927 | D        | Killed a yak
   933 | D        | Reached XP level 9. HP: 22/73 MP: 19/19
  1307 | D        | Reached **** piety under Okawaru
  1335 | D        | Noticed a molten gargoyle
  1335 | D        | Noticed a yaktaur
  1340 | D        | Reached skill level 10 in Unarmed Combat
  1344 | D        | Killed a yaktaur
  1345 | D        | Slain by a molten gargoyle

Illustrated notes

Levels and vault maps discovered:
D:        pitsprint [storerooms_1, entrance_room_1, metal_vault_6, armoury_3,
          mini_pit_1, grid_room_1, main_hall_1, silver_pit, the_coven_3,
          the_vestibule_1, steel_vault_3, golden_pit, hallway_of_sentries,
          crystal_vault_3, iron_vault_1, final_vault]

Skill      XL: |  1  2  3  4  5  6  7  8  9 |
---------------+----------------------------+-----
Fighting       | 3 4 5 6 7 8 |  8.2
Short Blades   | 2 3 4 5 6 7 |  7.7
Long Blades    | 2 3 4 5 6 7 |  7.7
Axes           | 2 3 4 5 6 7 |  7.7
Maces & Flails | 2 3 4 5 6 7 |  7.7
Polearms       | 2 3 4 5 6 7 |  7.7
Staves         | 2 3 4 5 6 7 |  7.7
Ranged Weapons | 2 3 4 5 6 7 |  7.7
Throwing       | 2 3 4 5 6 7 |  7.7
Armour         | 2 3 4 5 6 7 |  7.7
Dodging        | 5 6 7 8 9 |  9.1
Stealth        | 2 3 4 5 6 7 |  7.7
Shields        | 2 3 4 5 6 7 |  7.7
Unarmed Combat | 7 8 9 10 | 10.2
Spellcasting   | 2 3 4 5 6 7 |  7.7
Conjurations   | 2 3 4 5 6 |  6.4
Hexes          | 2 3 4 5 6 |  6.4
Summonings     | 2 3 4 5 6 |  6.4
Necromancy     | 2 3 4 5 6 |  6.4
Translocations | 2 3 4 5 6 |  6.4
Transmutations | 2 3 4 5 6 |  6.4
Fire Magic     | 2 3 4 5 6 |  6.4
Ice Magic      | 2 3 4 5 6 |  6.4
Air Magic      | 2 3 4 5 6 |  6.4
Earth Magic    | 2 3 4 5 6 |  6.4
Poison Magic   | 2 3 4 5 6 |  6.4
Invocations    | 2 4 5 6 7 8 |  8.5
Evocations     | 2 3 4 5 6 7 |  7.7
Shapeshifting  | 7 8 9 |  9.3

Action                     |  1- 3 |  4- 6 |  7- 9 || total
---------------------------+-------+-------+-------++-------
  Melee: Unarmed           |     7 |    35 |    52 ||    94
         Punch             |     2 |     2 |     4 ||     8
         Bite              |       |     3 |    10 ||    13
 Invoke: Heroism           |       |       |     1 ||     1
    Use: Potion            |       |     1 |     3 ||     4
   Stab: Sleeping          |     1 |     1 |       ||     2
 Armour: Animal skin       |       |     1 |       ||     1
         Chain mail        |       |     7 |    13 ||    20
  Dodge: Dodged            |     3 |    17 |    20 ||    40

Table legend: (Time is in decaauts)
 A = Elapsed time spent in this place.
 B = Non-inter-level travel time spent in this place.
 C = Inter-level travel time spent in this place.
 D = Time resting spent in this place.
 E = Time spent auto-exploring this place.
 F = Levels seen in this place.
 G = Mean time per level.
                   A        B        C        D        E       F      G
               +--------+--------+--------+--------+--------+-----+--------+
         Total |   1357 |   1296 |     61 |    950 |     11 |   1 | 1357.0 |
       Dungeon |   1357 |   1296 |     61 |    950 |     11 |   1 | 1357.0 |
               +--------+--------+--------+--------+--------+-----+--------+

Top non-repeatable levels by time:
       D: 1357 daAuts
